 Dungeon Crawl Stone Soup version 0.16-a0-4056-gee4db93 (webtiles) character file.

2224 vatarom the Slicer (level 9, -5/47 HPs)
             Began as a Vine Stalker Assassin on Feb 20, 2015.
             Was an Initiate of Okawaru.
             Slain by Pikel
             ... wielding a +0 whip of electrocution
              (13 damage)
             ... on level 8 of the Dungeon.
             The game lasted 00:17:04 (6939 turns).

vatarom the Slicer (Vine Stalker Assassin)          Turns: 6939, Time: 00:17:04

Health: -5/47      AC:  6    Str: 17    XL:     9   Next: 35%
Magic:  0/12       EV: 16    Int: 11    God:    Okawaru [......]
Gold:   363        SH:  0    Dex: 17    Spells: 0 memorised, 8 levels left

rFire  . . .     SeeInvis .     y - +0 short sword (venom)
rCold  . . .     Clarity  .     c - +0 robe
rNeg   . . .     SustAb   .     (no shield)
rPois  .         Gourm    .     u - +0 helmet
rElec  .         Spirit   +     d - +0 cloak
rCorr  .         Warding  .     E - +0 pair of gloves
rMut   .         Stasis   .     s - +0 pair of boots
MR     +....                    (no amulet)
Stlth  +++.......               (no ring)
                                g - +3 ring of strength

@: somewhat resistant to hostile enchantments, fairly stealthy
A: fangs 3, clumsy 1, deterioration 1, regeneration 2, evolution 1, magic
shield, antimagic bite, no device heal 3, rot immunity
a: Renounce Religion


You were on level 8 of the Dungeon.
You worshipped Okawaru.
Okawaru was noncommittal.
You were not hungry.

You visited 2 branches of the dungeon, and saw 9 of its levels.

You collected 363 gold pieces.

Inventory:

Hand weapons
 a - a +2 dagger
 b - a +0 blowgun
 o - a +1 dagger of venom
 y - a +0 short sword of venom (weapon)
Missiles
 e - 11 poisoned needles
 f - 6 curare-tipped needles
 i - 8 javelins
 t - a poisoned javelin (quivered)
Armour
 c - a +0 robe (worn)
 d - a +0 cloak (worn)
 s - a +0 pair of boots (worn)
 u - a +0 helmet (worn)
 E - a +0 pair of gloves (worn)
Jewellery
 g - a +3 ring of strength (left hand)
Magical devices
 k - a wand of frost (13)
 x - a wand of fire (3)
 z - a wand of lightning (6)
 B - a wand of polymorph (12)
 I - a wand of flame (22)
Scrolls
 n - 2 scrolls of remove curse
 r - 7 scrolls of identify
 D - 2 scrolls of enchant weapon
Potions
 q - 3 potions of restore abilities
 A - a potion of curing
 C - a potion of haste
 F - a potion of agility
Books
 j - a book of Enchantments

   Spells                             Type                      Level
   a - Tukima's Dance                 Hexes                        3
   b - Cause Fear                     Hexes                        4
   c - Silence                        Hexes/Air                    5
   d - Deflect Missiles               Charms/Air                   6
   e - Haste                          Charms                       6
   f - Discord                        Hexes                        8
Miscellaneous
 v - a plain deck of destruction {drawn: 1}
Comestibles
 h - a beef jerky
 l - a slice of pizza
 m - a fruit
 p - a bread ration
 w - a meat ration


   Skills:
 - Level 5.1 Fighting
 + Level 8.0 Short Blades
 - Level 1.7 Throwing
 - Level 5.6 Dodging
 - Level 5.0 Stealth


You had 8 spell levels left.
You didn't know any spells.

Dungeon Overview and Level Annotations

Branches:
Dungeon (8/15)             Temple (1/1) D:5
   Lair: D:8-11

Altars:
Ashenzari
Cheibriados
Dithmenos
Elyvilon
Fedhas
Gozag
Kikubaaqudgha
Makhleb
Nemelex Xobeh
Okawaru
Qazlal
Ru
Sif Muna
Trog
Vehumet
Yredelemnul
Zin
The Shining One

Annotations:
D:8 Pikel


Innate Abilities, Weirdness & Mutations

You have razor-sharp teeth.
You heal very quickly.
When hurt, damage is shared between your health and your magic reserves.
Your bite disrupts and absorbs the magic of your enemies.
Potions and wands cannot restore your health.
You are immune to rotting.
You are clumsy. (Dex -2)
Your body is slowly deteriorating.
You evolve.


Message History

You hit Pikel.
Pikel looks even sicker.
Pikel is lightly wounded.
The slave closely misses you.
You hit Pikel but do no damage. Your bite misses Pikel.
Pikel is moderately wounded.
Pikel barely misses you.
You miss the slave.
The slave is almost dead.
The slave hits you. Pikel barely misses you.
You hit the slave.
You kill the slave!
That felt strangely unrewarding.
The crocodile closely misses you. Pikel closely misses you.
The crocodile bites you!
* * * LOW HITPOINT WARNING * * *
Things that are here:
an animal skin; a human corpse Pikel hits you with a whip of electrocution.
* * * LOW HITPOINT WARNING * * *
You are electrocuted!
You die...

#####
#...#
#@#/#
#.Kt#
###.#
..$.
##.###
..#
###


You could see Pikel and a crocodile.

Vanquished Creatures
  2 ice beasts
  3 sky beasts (D:6)
  An ogre (D:6)
  2 slaves
  2 centaurs (D:5)
  2 phantoms
  Sigmund (D:3)
  A big kobold (D:7)
  Blork the orc (D:7)
  2 giant frogs
  A scorpion (D:6)
  A goliath beetle (D:6)
  2 crimson imps (D:5)
  A giant frog zombie (D:6)
  A giant frog skeleton (D:5)
  5 hounds
  A centaur skeleton (D:6)
  A gnoll shaman (D:6)
  An iguana (D:5)
  An orc wizard (D:5)
  Natasha (thrice) (D:3)
  5 worker ants
  Ijyb (D:7)
  2 hound skeletons
  A worker ant zombie (D:5)
  Robin (D:3)
  7 gnolls
  5 adders
  2 giant mites
  2 shadow imps (D:6)
  4 worms
  10 giant geckos
  2 oozes
  14 orcs
  A bat zombie (D:5)
  5 giant cockroaches
  15 goblins
  13 hobgoblins
  3 jackals (D:7)
  17 kobolds
  2 quokkas
  9 bats
  A giant gecko zombie (D:6)
  2 giant newts
  10 rats
169 creatures vanquished.

Vanquished Creatures (others)
  A giant gecko (D:4)
1 creature vanquished.

Grand Total: 170 creatures vanquished

Notes
Turn   | Place    | Note
--------------------------------------------------------------
     0 | D:1      | vatarom, the Vine Stalker Assassin, began the quest for the Orb.
     0 | D:1      | Reached XP level 1. HP: 11/11 MP: 1/1
   144 | D:1      | Reached skill level 5 in Stealth
   161 | D:1      | Reached skill level 1 in Dodging
   216 | D:1      | Reached XP level 2. HP: 13/15 MP: 3/3
  1102 | D:2      | Reached XP level 3. HP: 15/18 MP: 4/4
  1690 | D:2      | Reached XP level 4. HP: 17/23 MP: 5/5
  2184 | D:3      | Noticed Robin
  2278 | D:3      | Noticed Natasha
  2284 | D:3      | Killed Natasha
  2284 | D:3      | Reached XP level 5. HP: 26/26 MP: 7/7
  2432 | D:3      | Noticed Natasha
  2447 | D:3      | Killed Natasha
  2459 | D:3      | Noticed Sigmund
  2476 | D:3      | Killed Sigmund
  2476 | D:3      | Gained mutation: You heal very quickly. [vine stalker growth]
  2476 | D:3      | Reached XP level 6. HP: 19/30 MP: 8/8
  2526 | D:3      | Noticed Natasha
  2543 | D:3      | Killed Natasha
  2620 | D:3      | Found a shattered altar of Ashenzari.
  2705 | D:3      | Killed Robin
  2717 | D:3      | Reached skill level 5 in Dodging
  3060 | D:4      | Found a sparkling altar of Nemelex Xobeh.
  3810 | D:4      | Found an opulent altar of Gozag.
  4005 | D:4      | Reached XP level 7. HP: 35/35 MP: 9/9
  4085 | D:5      | Entered Level 5 of the Dungeon
  4419 | D:5      | Reached skill level 5 in Fighting
  4427 | D:5      | Gained mutation: You have razor-sharp teeth. [vine stalker growth]
  4427 | D:5      | Reached XP level 8. HP: 37/43 MP: 11/11
  4561 | D:5      | Found a deep blue altar of Sif Muna.
  4565 | D:5      | Identified Sif Muna's Almanac of the Glacier
  4569 | D:5      | Found an ancient bone altar of Kikubaaqudgha.
  4573 | D:5      | Identified Kikubaaqudgha's Handbook of Sinister Magic
  4579 | D:5      | Found a radiant altar of Vehumet.
  4583 | D:5      | Identified Vehumet's Reference Book on Combat Magic
  4725 | D:5      | Found a staircase to the Ecumenical Temple.
  4738 | Temple   | Entered the Ecumenical Temple
  5673 | D:6      | Found a white marble altar of Elyvilon.
  5820 | D:6      | Reached skill level 5 in Short Blades
  5824 | D:6      | Gained mutation: You evolve. [mutagenic meat]
  5825 | D:6      | Gained mutation: Your mind is acute. (Int +2) [mutagenic meat]
  5826 | D:6      | Gained mutation: You are clumsy. (Dex -2) [mutagenic meat]
  5936 | D:6      | Reached skill level 6 in Short Blades
  6015 | D:6      | Found a glowing golden altar of the Shining One.
  6037 | D:6      | Reached XP level 9. HP: 10/47 MP: 3/12
  6156 | D:6      | Gained mutation: Your body is slowly deteriorating. [evolution]
  6257 | D:6      | Found a sacrificial altar of Ru.
  6261 | D:6      | Found an iron altar of Okawaru.
  6261 | D:6      | Found a shattered altar of Ashenzari.
  6263 | D:6      | Reached skill level 7 in Short Blades
  6361 | D:6      | Became a worshipper of Warmaster Okawaru
  6557 | D:7      | Noticed Ijyb
  6561 | D:7      | Killed Ijyb
  6595 | D:7      | Lost mutation: Your mind is acute. (Int +2) [potion of mutation]
  6865 | D:7      | Noticed Blork the orc
  6879 | D:7      | Killed Blork the orc
  6879 | D:7      | Reached skill level 8 in Short Blades
  6914 | D:7      | Noticed Pikel
  6939 | D:8      | Slain by Pikel

Action                   |  1- 3 |  4- 6 |  7- 9 || total
-------------------------+-------+-------+-------++-------
Melee: Dagger            |    72 |   214 |   149 ||   435
       Short sword       |       |       |   164 ||   164
 Fire: Blowgun           |       |    17 |       ||    17
Throw: Javelin           |     5 |     2 |     2 ||     9
Evoke: Deck              |       |     1 |       ||     1
  Use: Scroll            |     6 |     2 |     1 ||     9
       Potion            |     2 |     5 |     6 ||    13
 Stab: Sleeping          |     7 |     6 |    11 ||    24
       Distracted        |       |       |     1 ||     1
  Eat: Chunk             |     1 |       |     3 ||     4
       Bread ration      |     1 |       |     1 ||     2
       Meat ration       |       |     2 |       ||     2
       Pizza             |       |     1 |       ||     1
